 Dungeon Crawl Stone Soup version 0.24.0-1-gfbc8707122 (webtiles) character file.

Game seed: 14910282369920033635, levelgen mode: deterministic

56 theswoord the Chopper (level 3, -9/27 HPs)
             Began as a Demonspawn Gladiator on Oct 27, 2019.
             Killed by divine providence
             ... invoked by an orc priest
              (13 damage)
             ... on level 3 of the Dungeon.
             The game lasted 00:02:36 (1670 turns).

theswoord the Chopper (Demonspawn Gladiator)        Turns: 1670, Time: 00:02:36

Health: -9/27      AC:  8    Str: 14    XL:     3   Next: 69%
Magic:  3/3        EV: 12    Int:  9    God:
Gold:   87         SH:  0    Dex: 15    Spells: 2/2 levels left

rFire    . . .     SeeInvis .   a - +1 war axe
rCold    . . .     Gourm    .   (no shield)
rNeg     . . .     Faith    .   b - +0 leather armour
rPois    .         Spirit   .   c - +1 helmet
rElec    .         Reflect  .   (no cloak)
rCorr    .         Harm     .   m - +0 pair of gloves
MR       .....                  (no boots)
Stlth    +.........             (no amulet)
HPRegen  0.09/turn              (no ring)
MPRegen  0.08/turn              (no ring)

@: no status effects
A: iridescent scales 1
a: no special abilities


You were on level 3 of the Dungeon.
You were hungry.

You visited 1 branch of the dungeon, and saw 3 of its levels.

You collected 87 gold pieces.

Inventory:

Hand Weapons
 a - a +1 war axe (weapon)
Missiles
 d - 3 throwing nets (quivered)
Armour
 b - a +0 leather armour (worn)
 c - a +1 helmet (worn)
 m - a +0 pair of gloves (worn)
Jewellery
 n - an uncursed ring of flight {unknown}
Scrolls
 k - 2 scrolls of magic mapping
 l - a scroll of teleportation {unknown}
 o - a scroll of identify {unknown}
Potions
 e - a potion of ambrosia {unknown}
 g - a potion of lignification {unknown}
 i - 2 potions of degeneration {unknown}
 j - a potion of magic {unknown}
Comestibles
 f - 4 rations


   Skills:
 - Level 2.0 Fighting
 + Level 4.3 Axes
 - Level 1.7 Throwing
 - Level 2.6 Dodging


You had 2 spell levels left.
You didn't know any spells.
Your spell library was empty.

Dungeon Overview and Level Annotations

Branches:
Dungeon (3/15)

Altars:


Innate Abilities, Weirdness & Mutations

You are partially covered in iridescent scales. (AC +2)


Message History

The orc priest calls down the wrath of Beogh upon you.
Pain shoots through your body!
* * * LOW HITPOINT WARNING * * *
The orc priest closely misses you.
You hit the orc priest.
The orc priest is moderately wounded.
An orc comes into view. It is wielding a +0 whip.
The orc priest barely misses you.
You closely miss the orc priest.
The orc priest is moderately wounded.
The orc priest hits you with a +0 mace.
* * * LOW HITPOINT WARNING * * *
You hit the orc priest.
The orc priest is heavily wounded.
The orc priest hits you with a +0 mace.
* * * LOW HITPOINT WARNING * * *
You are feeling hungry.
The orc priest invokes the aid of Beogh against you.
Beogh smites you!
You die...

... ... #.#
#.# ###.#
...#
###.######.#
#..@.oooooo.
#.#.######o#
#.#.# #.#.#
#<#.# #.#.#
#.#.. #.###
#.#


You could see an orc priest and 6 orcs.

Vanquished Creatures
  An adder (D:2)
  3 dart slugs
  A leopard gecko (D:1)
  2 orcs (D:3)
  2 giant cockroaches (D:1)
  2 goblins (D:1)
  6 hobgoblins
  A quokka (D:2)
  5 bats
  4 frilled lizards (D:1)
  3 kobolds (D:1)
  7 rats
37 creatures vanquished.

Notes
Turn   | Place    | Note
-------+----------+-------------------------------------------
     0 | D:1      | theswoord the Demonspawn Gladiator began the quest for the
                  | Orb.
     0 | D:1      | Reached XP level 1. HP: 16/16 MP: 1/1
     7 | D:1      | Reached skill level 3 in Axes
   100 | D:1      | Gained mutation: You are partially covered in iridescent
                  | scales. (AC +2) [demonic ancestry]
   100 | D:1      | Reached XP level 2. HP: 12/22 MP: 2/2
   651 | D:1      | Reached XP level 3. HP: 27/27 MP: 3/3
   957 | D:2      | Reached skill level 4 in Axes
  1670 | D:3      | Killed from afar by an orc priest

Skill      XL: |  1  2  3 |
---------------+----------+-----
Axes           | 3 4 |  4.3
Fighting       | |  2.0
Throwing       | |  1.7
Dodging        | |  2.6

Action                   || total
-------------------------++-------
Melee: War axe           ||   100
  Use: Scroll            ||     4
  Eat: Chunk             ||     2
Armor: Leather armour    ||    36
Dodge: Dodged            ||    69

Levels and vault maps discovered:
D:1:      ebering_trefoil_3fold, layout_loops_ring, kennysheep_nondescript
D:2:      layout_loops_corners, first_ration, minmay_misc_feat_four_crosses
D:3:      layout_loops_ring
